 Dungeon Sprint DCSS version 0.19-a0-1268-g6c5d9f8 (webtiles) character file.

2594 Kidiri the Covert (level 9, -24/44 (46) HPs)
             Began as a Spriggan Enchanter on Aug 29, 2016.
             Shot with an arrow by a deep elf master archer (30 damage)
             ... in the Dungeon (Sprint II: "The Violet Keep of Menkaure").
             The game lasted 00:05:31 (1790 turns).

Kidiri the Covert (Spriggan Enchanter)              Turns: 1790, Time: 00:05:31

HP:   -24/44 (46)   AC:  3    Str:  4    XL:     9   Next: 33%
MP:   18/24         EV: 28    Int: 24    God:
Gold: 771           SH:  4    Dex: 16    Spells: 5 memorised, 17 levels left

rFire  . . .     SeeInvis +     a - +1 dagger
rCold  . . .     Gourm    .     b - +1 robe
rNeg   . . .     Faith    .     (shield restricted)
rPois  .         Spirit   .     (helmet restricted)
rElec  .         Dismiss  .     (no cloak)
rCorr  .         Reflect  +     (gloves unavailable)
MR     +....     Harm     .     (boots unavailable)
Stlth  ++++++.... NoTele   +    e - amulet of Pivaz {Reflect Int+4 SH+4}
                                (no ring)
                                (no ring)

@: very quick
A: unfitting armour, see invisible, herbivore 3, speed 3, slow metabolism 2
a: no special abilities


You were in the Dungeon.
You were not hungry.

You visited 1 branch You collected 1215 gold pieces.
You spent 444 gold pieces at shops.

Inventory:

Hand Weapons
 a - a +1 dagger (weapon)
Armour
 b - a +1 robe (worn)
Jewellery
 e - the amulet of Pivaz (around neck) {Reflect Int+4 SH+4}
   (You bought it in a shop in the Dungeon)

   [amulet of reflection]

   It shields you and reflects attacks.
   It affects your intelligence (+4).
   It affects your SH (+4).
Scrolls
 j - a scroll of blinking
 k - a scroll of random uselessness {unknown}
Potions
 f - a potion of heal wounds
 g - a potion of haste
 h - a potion of magic
 i - a potion of berserk rage
Books
 c - a book of Maledictions

   Spells                             Type                      Level
   a - Corona                         Hexes                        1
   b - Ensorcelled Hibernation        Hexes/Ice                    2
   c - Confuse                        Hexes                        3
   d - Tukima's Dance                 Hexes                        3
   e - Dazzling Spray                 Conjuration/Hexes            3
Comestibles
 d - a bread ration


   Skills:
 + Level 4.7 Fighting
 * Level 9.6 Short Blades
 + Level 4.3 Armour
 * Level 12.5 Dodging
 * Level 13.5 Stealth
 * Level 10.7 Spellcasting
 + Level 4.1 Conjurations
 + Level 8.1 Hexes
 + Level 4.4 Ice Magic


You had 17 spell levels left.
You knew the following spells:

 Your Spells              Type           Power        Failure   Level  Hunger
a - Corona                Hex            ######.      1%          1    None
b - Ensorcelled Hibernat  Hex/Ice        #####.       1%          2    None
c - Confuse               Hex            ######..     1%          3    None
d - Tukima's Dance        Hex            ######..     1%          3    None
e - Dazzling Spray        Conj/Hex       #####.       1%          3    None


Dungeon Overview and Level Annotations

Branches:
Dungeon (1/1)

Altars:
Dithmenos
Elyvilon
Fedhas
Kikubaaqudgha
Makhleb
Nemelex Xobeh
Qazlal
Ru
Sif Muna
Trog
Uskayaw
Vehumet
Xom
Yredelemnul
Zin
The Shining One
Jiyva
Lugonu

Shops:
D %:*}?[[*!=!=[:(*

Annotations:
D exclusion: oklob plant


Innate Abilities, Weirdness & Mutations

You are tiny and cannot use many weapons and most armour.
You have supernaturally acute eyesight. (SInv)
You are a herbivore.
You cover ground extremely quickly.
You need consume almost no food.


Message History

The spray of energy hits the deep elf master archer.
The deep elf master archer is lightly wounded.
The deep elf master archer shouts!
The deep elf master archer shoots an arrow.
The arrow completely misses you.
Unknown command.
Casting: Dazzling Spray
Confirm with . or Enter, or press ? or * to list all spells.
Aiming: Dazzling Spray
Press: ? - help, Shift-Dir - straight line, f/p - deep elf master archer
Aim: a deep elf master archer, wielding a longbow and wearing a leather armour (lightly wounded)
The spray of energy misses the deep elf master archer.
The deep elf master archer shoots an arrow.
The arrow hits you!!!
Ouch! That really hurt!
* * * LOW HITPOINT WARNING * * *
The deep elf master archer shoots an arrow.
The arrow hits you!!
Ouch! That really hurt!
You die...

+#### §§§§§§§## §≈§≈≈§§##
§§8≈≈§§§##++##
§§§§§≈##≈...### #≈## ≈§§§
#e§.....#
#≈≈#+++#+++#####@...#
≈≈≈.........#.%+.^.(# #
≈≈≈≈.##+##..#..####.# k#
≈≈≈≈###..##.####.[+.##.#
≈≈≈≈#.##..#....#..#^..#
≈≈####.#.####..#####..#
≈##.###'###.##..#..'..#
≈#..###.##...#..#..#^^# #
≈+##.'.<.'##.+..####^.##.#


You could see a deep elf master archer.

Vanquished Creatures
  2 unseen horrors (D)
  A siren (D)
  2 wyverns (D)
  Menkaure (D)
  3 soldier ants (D)
  4 necrophages (D)
  A scorpion (D)
  4 worker ants (D)
  3 worms (D)
21 creatures vanquished.

Vanquished Creatures (others)
  A crocodile (D)
1 creature vanquished.

Grand Total: 22 creatures vanquished

Notes
Turn   | Place    | Note
-------+----------+-------------------------------------------
     0 | D        | Kidiri the Spriggan Enchanter began the quest for the Orb.
     0 | D        | Reached XP level 1. HP: 9/9 MP: 5/5
    26 | D        | Killed a crocodile
   103 | D        | Noticed a worker ant
   103 | D        | Noticed a worker ant
   105 | D        | Noticed a worker ant
   105 | D        | Noticed a worker ant
   106 | D        | Killed a worker ant
   106 | D        | Reached skill level 1 in Fighting
   106 | D        | Reached skill level 5 in Stealth
   106 | D        | Reached XP level 2. HP: 14/14 MP: 5/7
   107 | D        | Reached skill level 1 in Armour
   107 | D        | Reached skill level 5 in Dodging
   107 | D        | Reached skill level 6 in Stealth
   107 | D        | Reached XP level 3. HP: 18/18 MP: 5/9
   109 | D        | Reached XP level 4. HP: 22/22 MP: 5/11
   111 | D        | Found Fakk's General Store.
   111 | D        | Found Mikhap's Antique Armour Shoppe.
   111 | D        | Found Tezariobb's Antique Weapon Shoppe.
   111 | D        | Found Healet Eche's Jewellery Emporium.
   112 | D        | Found Jigok's Book Emporium.
   112 | D        | Found Lutinle's Jewellery Shoppe.
   112 | D        | Found Xirecaja's Distillery.
   112 | D        | Found Vuthradaow's General Store.
   130 | D        | Learned a level 2 spell: Ensorcelled Hibernation
   134 | D        | Learned a level 3 spell: Confuse
   138 | D        | Learned a level 3 spell: Tukima's Dance
   142 | D        | Learned a level 3 spell: Dazzling Spray
   172 | D        | Reached skill level 7 in Stealth
   172 | D        | Reached skill level 5 in Spellcasting
   247 | D        | Noticed a necrophage
   247 | D        | Noticed a necrophage
   247 | D        | Noticed a necrophage
   247 | D        | Noticed a necrophage
   250 | D        | Killed a necrophage
   250 | D        | Reached skill level 5 in Short Blades
   250 | D        | Reached skill level 8 in Stealth
   250 | D        | Reached skill level 1 in Conjurations
   250 | D        | Reached skill level 5 in Hexes
   250 | D        | Reached skill level 1 in Ice Magic
   250 | D        | Reached XP level 5. HP: 26/26 MP: 12/14
   266 | D        | Killed a necrophage
   266 | D        | Reached skill level 9 in Stealth
   266 | D        | Reached XP level 6. HP: 28/32 MP: 1/16
   351 | D        | Reached skill level 10 in Stealth
   569 | D        | Noticed a siren
   572 | D        | Killed a siren
   572 | D        | Reached skill level 10 in Dodging
   572 | D        | Reached skill level 11 in Stealth
   572 | D        | Reached XP level 7. HP: 34/34 MP: 18/20
   589 | D        | Noticed an orange crystal statue
   591 | D        | Noticed Menkaure
   593 | D        | Killed Menkaure
   624 | D        | Found Kozoergh's Distillery.
   626 | D        | Found Moubb's Antique Armour Emporium.
   626 | D        | Found Qufrauq's Antique Armour Shoppe.
   627 | D        | Found Dosol's Magic Scroll Shoppe.
   627 | D        | Noticed a slime creature
   630 | D        | Found Gypig's Gadget Shoppe.
   630 | D        | Found Dulala's General Store.
   630 | D        | Noticed a slime creature
   630 | D        | Noticed a slime creature
   630 | D        | Noticed an oklob plant
   631 | D        | Found Nar Heu's Food Shoppe.
   631 | D        | Found Palucronk's Book Shoppe.
   632 | D        | Noticed a spiny frog
   633 | D        | Noticed a spiny frog
   635 | D        | Noticed a shining eye
   635 | D        | Noticed a shining eye
   637 | D        | Noticed a shining eye
   678 | D        | Bought the amulet of Pivaz {Reflect Int+4 SH+4} for 444 gold pieces
   712 | D        | Found a shimmering altar of Xom.
   713 | D        | Found a basalt altar of Yredelemnul.
   713 | D        | Found a sacrificial altar of Ru.
   714 | D        | Found a glowing silver altar of Zin.
   714 | D        | Found a deep blue altar of Sif Muna.
   715 | D        | Found a glowing golden altar of the Shining One.
   715 | D        | Found a bloodstained altar of Trog.
   715 | D        | Found an ancient bone altar of Kikubaaqudgha.
   715 | D        | Found a stormy altar of Qazlal.
   715 | D        | Found a viscous altar of Jiyva.
   716 | D        | Found a hide-covered altar of Uskayaw.
   716 | D        | Found a corrupted altar of Lugonu.
   716 | D        | Found a shadowy altar of Dithmenos.
   717 | D        | Found a radiant altar of Vehumet.
   717 | D        | Found a burning altar of Makhleb.
   717 | D        | Found a white marble altar of Elyvilon.
   718 | D        | Found a sparkling altar of Nemelex Xobeh.
   718 | D        | Found a blossoming altar of Fedhas.
   722 | D        | Noticed a wyvern
   722 | D        | Noticed a wyvern
   724 | D        | Killed a wyvern
   724 | D        | Reached XP level 8. HP: 5/40 MP: 22/22
  1001 | D        | Noticed an unseen horror
  1001 | D        | Noticed an unseen horror
  1003 | D        | Killed an unseen horror
  1003 | D        | Reached skill level 12 in Stealth
  1006 | D        | Killed an unseen horror
  1006 | D        | Reached skill level 13 in Stealth
  1006 | D        | Reached skill level 10 in Spellcasting
  1006 | D        | Reached XP level 9. HP: 44/44 MP: 18/24
  1015 | D        | Noticed a deep elf master archer
  1790 | D        | Shot with an arrow by a deep elf master archer

Vault maps used:
D:        the_violet_keep_of_menkaure

Skill      XL: |  1  2  3  4  5  6  7  8  9 |
---------------+----------------------------+-----
Spellcasting   | 3 4 6 8 9 10 | 10.7
Fighting       | 1 2 3 4 |  4.7
Short Blades   | 2 3 5 7 9 |  9.6
Dodging        | 4 5 7 8 10 12 | 12.5
Stealth        | 5 6 8 9 11 13 | 13.5
Hexes          | 4 5 6 7 8 |  8.1
Armour         | 1 2 3 4 |  4.3
Conjurations   | 1 2 3 4 |  4.1
Ice Magic      | 1 3 4 |  4.4

Action                   |  1- 3 |  4- 6 |  7- 9 || total
-------------------------+-------+-------+-------++-------
Melee: Dagger            |     4 |    71 |    10 ||    85
 Cast: Ensorcelled Hiber |       |     4 |     5 ||     9
       Confuse           |       |     5 |     3 ||     8
       Corona            |       |     4 |       ||     4
       Dazzling Spray    |       |     3 |     4 ||     7
  Use: Potion            |       |     2 |       ||     2
 Stab: Sleeping          |     4 |     5 |     9 ||    18
       Confused          |       |     2 |       ||     2
Armor: Robe              |       |     5 |       ||     5
Dodge: Dodged            |       |    62 |     7 ||    69
Block: Other             |       |       |     3 ||     3
       Reflection        |       |       |     1 ||     1
